 Dungeon Crawl Stone Soup version 0.22-a0-456-g11ed031 (webtiles) character file.

879 pk666 the Magician (level 7, -9/36 HPs)
             Began as a Deep Elf Fire Elementalist on June 6, 2018.
             Killed from afar by Dowan (13 damage)
             ... with a puff of flame
             ... on level 5 of the Dungeon.
             The game lasted 00:09:06 (4778 turns).

pk666 the Magician (Deep Elf Fire Elementalist)     Turns: 4778, Time: 00:09:08

Health: -9/36      AC:  3    Str:  5    XL:     7   Next: 75%
Magic:  2/19       EV: 13    Int: 22    God:
Gold:   316        SH:  0    Dex: 15    Spells: 7/20 levels left

rFire    . . .     SeeInvis .   (no weapon)
rCold    . . .     Gourm    .   (no shield)
rNeg     . . .     Faith    .   a - +0 robe
rPois    .         Spirit   .   (no helmet)
rElec    .         Reflect  .   (no cloak)
rCorr    .         Harm     .   h - +0 pair of gloves
MR       .....                  (no boots)
Stlth    ++........             (no amulet)
HPRegen  0.12/turn              (no ring)
MPRegen  0.16/turn              (no ring)

@: no status effects
A: no striking features
a: no special abilities


You were on level 5 of the Dungeon.
You were very hungry.

You visited 2 branches of the dungeon, and saw 6 of its levels.

You collected 316 gold pieces.

Inventory:

Armour
 a - a +0 robe (worn)
 h - a +0 pair of gloves (worn)
Jewellery
 p - an uncursed ring of ice {unknown}
 q - an uncursed amulet of guardian spirit {unknown}
Scrolls
 d - a scroll of fog {unknown}
 i - a scroll of amnesia {unknown}
 j - 9 scrolls of identify {unknown}
 m - a scroll of random uselessness {unknown}
 n - a scroll of magic mapping {unknown}
 r - a scroll of blinking {unknown}
Potions
 b - 3 potions of flight {unknown}
 e - a potion of berserk rage {unknown}
 f - a potion of lignification {unknown}
 g - 3 potions of curing {unknown}
 k - a potion of haste
 l - a potion of cancellation {unknown}
 o - a potion of invisibility {unknown}
Comestibles
 c - 10 rations


   Skills:
 - Level 2.4 Dodging
 - Level 2.4 Stealth
 + Level 7.2 Spellcasting
 + Level 5.5 Conjurations
 + Level 6.5 Fire Magic


You had 7 spell levels left.
You knew the following spells:

 Your Spells              Type           Power        Failure   Level  Hunger
a - Flame Tongue          Conj/Fire      ####.        1%          1    None
b - Sticky Flame          Conj/Fire      ####....     7%          4    ###....
c - Conjure Flame         Conj/Fire      ####....     1%          3    None
z - Fireball              Conj/Fire      ####......   19%         5    #####..

Your spell library contained the following spells:

 Spells                   Type           Power        Failure   Level  Hunger
 Throw Flame              Conj/Fire      ####..       1%          2    None
 Inner Flame              Hex/Fire       ###.....     6%          3    None


Dungeon Overview and Level Annotations

Branches:
Dungeon (5/15)             Temple (1/1) D:4

Altars:
Ashenzari
Cheibriados
Dithmenos
Elyvilon
Fedhas
Gozag
Kikubaaqudgha
Makhleb
Nemelex Xobeh
Okawaru
Qazlal
Ru
Sif Muna
Uskayaw
Xom
Yredelemnul
Zin
The Shining One

Annotations:
D:5 Dowan, Duvessa


Message History

Aiming: Flame Tongue (safe; 1% risk of failure)
Press: ? - help, Shift-Dir - straight line, f/p - Duvessa
Aim: Duvessa, wielding a short sword and wearing a glowing chain mail (severely wounded, fast)
The flame tongue hits Duvessa.
Duvessa appears unharmed.
Duvessa is severely wounded.
Dowan hits you but does no damage. Duvessa misses you.
Dowan hits you with a dagger.
* * * LOW HITPOINT WARNING * * *
Casting: Flame Tongue (safe; 1% risk of failure)
Confirm with . or Enter, or press ? or * to list all spells.
Aiming: Flame Tongue (safe; 1% risk of failure)
Press: ? - help, Shift-Dir - straight line, f/p - Duvessa
Aim: Duvessa, wielding a short sword and wearing a glowing chain mail (severely wounded, fast)
The flame tongue hits Duvessa.
Duvessa is almost dead.
Duvessa hits you with a short sword.
* * * LOW HITPOINT WARNING * * *
Dowan points at you and mumbles some strange words.
The puff of flame hits you!
You die...

≈≈≈≈≈≈≈≈≈≈≈≈....≈≈≈≈≈≈≈≈≈≈≈≈≈≈≈≈≈
≈≈≈≈≈≈≈≈≈≈≈≈.(..≈≈≈≈≈≈≈≈≈≈≈≈≈≈≈≈≈
≈≈≈≈≈≈≈≈≈≈≈≈...)≈≈≈≈≈≈≈≈≈≈≈≈≈≈≈≈≈
#############')##################
#..).# ....... #...)# .......
##....#########......h
.#.....)#..........#
..'....e@e..........#
...#......#..........#
#####....#########...... #....#
....... #....# ....... ######
#######


You could see Duvessa and Dowan.

Vanquished Creatures
  The ghost of kirsanium the Magician, an amateur DsWz of Kikubaaqudgha (D:5)
  Menkaure (D:5)
  3 ogres
  A centaur skeleton (D:4)
  An orc wizard (D:5)
  A bullfrog skeleton (D:4)
  Terence (D:2)
  A worker ant (D:5)
  4 gnolls
  7 adders
  A howler monkey skeleton (D:4)
  2 oozes (D:2)
  2 worms (D:2)
  13 orcs
  5 giant cockroaches
  3 hobgoblins
  8 kobolds
  A quokka (D:5)
  7 bats
  7 frilled lizards
  2 goblins (D:2)
  A jackal skeleton (D:4)
  A leopard gecko skeleton (D:3)
  A leopard gecko zombie (D:5)
  A quokka skeleton (D:5)
  8 rats
84 creatures vanquished.

Notes
Turn   | Place    | Note
-------+----------+-------------------------------------------
     0 | D:1      | pk666 the Deep Elf Fire Elementalist began the quest for the Orb.
     0 | D:1      | Reached XP level 1. HP: 10/10 MP: 6/6
   268 | D:1      | Reached XP level 2. HP: 15/15 MP: 6/8
   667 | D:2      | Reached XP level 3. HP: 19/19 MP: 5/10
   854 | D:2      | Reached skill level 4 in Spellcasting
   957 | D:2      | Reached XP level 4. HP: 24/24 MP: 9/12
  1378 | D:2      | Found a glowing golden altar of the Shining One.
  1383 | D:2      | Noticed Terence
  1396 | D:2      | Killed Terence
  2204 | D:3      | Reached XP level 5. HP: 28/28 MP: 11/14
  2234 | D:3      | Learned a level 4 spell: Sticky Flame
  2238 | D:3      | Learned a level 3 spell: Conjure Flame
  2244 | D:3      | Learned a level 5 spell: Fireball
  2464 | D:4      | Reached skill level 5 in Spellcasting
  2553 | D:4      | Found a staircase to the Ecumenical Temple.
  2576 | Temple   | Entered the Ecumenical Temple
  2755 | D:4      | Found a hide-covered altar of Uskayaw.
  2776 | D:4      | Found a basalt altar of Yredelemnul.
  2818 | D:4      | Reached skill level 5 in Fire Magic
  3184 | D:4      | Noticed an ogre
  3192 | D:4      | Killed an ogre
  3192 | D:4      | Reached XP level 6. HP: 32/32 MP: 8/16
  3693 | D:5      | Entered Level 5 of the Dungeon
  3707 | D:5      | Noticed Menkaure
  3714 | D:5      | Killed Menkaure
  3714 | D:5      | Reached skill level 6 in Spellcasting
  4016 | D:5      | Reached XP level 7. HP: 35/36 MP: 7/18
  4223 | D:5      | Reached skill level 5 in Conjurations
  4613 | D:5      | Noticed kirsanium's ghost (amateur DsWz)
  4647 | D:5      | Killed kirsanium's ghost
  4647 | D:5      | Reached skill level 7 in Spellcasting
  4744 | D:5      | Noticed Dowan
  4745 | D:5      | Noticed Duvessa
  4778 | D:5      | Killed from afar by Dowan

Vault maps used:
D:1:      roderic_crossed_star
D:2:      tso_metal_star, uniq_terence
D:3:      first_ration
D:4:      nicolae_overflow_crystal_walls, kennysheep_mini_moat,
          minmay_temple_entry_butterflies, grunt_ministairs_2
D:5:      minmay_goblin_kobold_castle, uniq_duvessa, uniq_menkaure, uniq_grinder
Temple:   eino_wide_crystal_templ

Skill      XL: |  1  2  3  4  5  6  7 |
---------------+----------------------+-----
Conjurations   | 2 3 4 5 |  5.5
Spellcasting   | 4 5 6 7 |  7.2
Fire Magic     | 4 5 6 |  6.5
Dodging        | |  2.4
Stealth        | |  2.4

Action                   |  1- 3 |  4- 6 |  7- 9 || total
-------------------------+-------+-------+-------++-------
Melee: Unarmed           |       |     1 |       ||     1
 Cast: Flame Tongue      |    41 |   130 |    33 ||   204
       Conjure Flame     |       |     3 |     4 ||     7
  Eat: Chunk             |       |     6 |     1 ||     7
       Ration            |       |     1 |       ||     1
Armor: Robe              |     2 |     9 |     1 ||    12
Dodge: Dodged            |    10 |    32 |     1 ||    43

Table legend:
 A = Spawn XP
 B = Non-spawn XP
 C = Spawn XP percentage of total XP
 D = Spawn monster count
 E = Non-spawn monster count
 F = Spawn count percentage of total count
 G = Total turns spent on level
                    A         B        C        D         E        F      G
               +---------+---------+-------+---------+---------+-------+---------
         Total |       0 |    1257 |   0.0 |       0 |      84 |   0.0 |  4778
               +---------+---------+-------+---------+---------+-------+---------
           D:1 |       0 |      31 |   0.0 |       0 |      11 |   0.0 |   638
           D:2 |       0 |     135 |   0.0 |       0 |      28 |   0.0 |  1279
           D:3 |       0 |      36 |   0.0 |       0 |       8 |   0.0 |   438
           D:4 |       0 |     295 |   0.0 |       0 |      18 |   0.0 |  1285
           D:5 |       0 |     760 |   0.0 |       0 |      19 |   0.0 |  1085
               +---------+---------+-------+---------+---------+-------+---------
